 Dungeon Crawl Stone Soup version 0.19.1 (webtiles) character file.

14189 Cyber the Fighter (level 11, 0/107 HPs)
             Began as a Minotaur Fighter on Dec 24, 2016.
             Was a High Priest of Okawaru.
             Slain by an eight-headed hydra (8 damage)
             ... on level 10 of the Dungeon.
             The game lasted 00:33:00 (12780 turns).

Cyber the Fighter (Minotaur Fighter)               Turns: 12780, Time: 00:33:02

Health: 0/107      AC: 14    Str: 22    XL:     11   Next: 85%
Magic:  0/3        EV: 10    Int:  2    God:    Okawaru [*****.]
Gold:   434        SH: 13    Dex: 14    Spells: 0 memorised, 10 levels left

rFire  . . .     SeeInvis .     x - +2 hand axe "Beudwumi" {antimagic, MR+ Int-4 Dex+3}
rCold  + + .     Gourm    .     K - +3 ring mail {rC+}
rNeg   + . .     Faith    .     c - +0 shield
rPois  .         Spirit   +     (helmet restricted)
rElec  .         Reflect  .     O - +1 cloak {+Inv}
rCorr  .         Harm     .     q - +2 pair of gloves
MR     +....                    (no boots)
Stlth  +.........               i - amulet of guardian spirit
                                h - ring of protection from cold
                                m - ring of positive energy

@: about to teleport
A: retaliatory headbutt, horns 2
a: Heroism, Finesse, Renounce Religion, Evoke Invisibility


You were on level 10 of the Dungeon.
You worshipped Okawaru.
Okawaru was extremely pleased with you.
You were near starving.

You visited 3 branches of the dungeon, and saw 13 of its levels.

You collected 434 gold pieces.

Inventory:

Hand Weapons
 a - a +1 war axe
 x - the +2 hand axe "Beudwumi" (weapon) {antimagic, MR+ Int-4 Dex+3}
   (You found it on level 4 of the Dungeon)

   It reduces the magical energy of the wielder, and disrupts the spells and
   magical abilities of those hit.
   Natural abilities and divine invocations are not affected.
   It affects your intelligence (-4).
   It affects your dexterity (+3).
   It affects your resistance to hostile enchantments.
Armour
 b - a +0 scale mail
 c - a +0 shield (worn)
 q - a +2 pair of gloves (worn)
 K - a +3 ring mail of cold resistance (worn)
 O - a +1 cloak of invisibility (worn)
Jewellery
 h - a ring of protection from cold (right hand)
 i - an amulet of guardian spirit (around neck)
 m - a ring of positive energy (left hand)
 B - an uncursed ring of flight
 L - an uncursed ring of protection from cold
Wands
 u - a wand of polymorph (13/24)
 C - a wand of slowing (23/48)
 E - a wand of flame (32/48)
 M - a wand of lightning (9/15)
 P - a wand of paralysis (8/24)
 U - a wand of confusion (25/48)
 V - a wand of iceblast (5/15)
 W - a wand of enslavement (14/24)
Scrolls
 o - 2 scrolls of amnesia
 p - a scroll of fear
 t - a scroll of recharging {unknown}
 w - 2 scrolls of enchant weapon
 y - a scroll of noise {unknown}
 z - 2 scrolls of random uselessness {unknown}
 A - 2 scrolls of remove curse
 D - a scroll of enchant armour {unknown}
 I - 4 scrolls of magic mapping
 J - a scroll of blinking {unknown}
 Q - 5 scrolls of teleportation
 S - 2 scrolls of fog {unknown}
 Y - a scroll of identify
Potions
 d - 5 potions of might
 e - a potion of resistance {unknown}
 j - a potion of invisibility
 k - a potion of ambrosia {unknown}
 l - 2 potions of curing {unknown}
 n - 4 potions of haste
 v - 2 potions of mutation {unknown}
 F - 2 potions of brilliance {unknown}
 H - a potion of beneficial mutation {unknown}
 N - a potion of cure mutation {unknown}
 R - a potion of agility {unknown}
 Z - 2 potions of flight {unknown}
Comestibles
 f - 9 bread rations
 g - 6 meat rations
 r - 5 beef jerkies
 s - 10 fruits
 T - 8 slices of pizza


   Skills:
 + Level 13.5 Fighting
 + Level 13.1 Axes
 - Level 6.1 Armour
 + Level 12.5 Shields


You had 10 spell levels left.
You didn't know any spells.

Dungeon Overview and Level Annotations

Branches:
Dungeon (11/15)            Temple (1/1) D:4            Lair (1/6) D:10
    Orc (0/2) D:10

Altars:
Ashenzari
Cheibriados
Dithmenos
Elyvilon
Fedhas
Gozag
Hepliaklqana
Kikubaaqudgha
Makhleb
Nemelex Xobeh
Okawaru
Qazlal
Ru
Sif Muna
Trog
Uskayaw
Vehumet
Xom
Yredelemnul
Zin
The Shining One

Portals:
Trove: D:10 (lose all piety)


Innate Abilities, Weirdness & Mutations

You reflexively headbutt those who attack you in melee.
You have a pair of horns on your head.


Message History

The eight-headed hydra bites you but does no damage.
As you read the scroll labeled HAELITH MINWI, it crumbles to dust.
You feel momentarily disoriented.
It was a scroll of magic mapping.
The eight-headed hydra bites you!
* * * LOW HITPOINT WARNING * * *
The eight-headed hydra bites you.
* * * LOW HITPOINT WARNING * * *
The eight-headed hydra bites you!
* * * LOW HITPOINT WARNING * * *
The eight-headed hydra misses you.
The eight-headed hydra bites you but does no damage. x3
The eight-headed hydra bites you!
* * * LOW HITPOINT WARNING * * *
As you read the scroll labeled WAHAOT MUEQAT, it crumbles to dust.
You feel strangely unstable.
It was a scroll of teleportation.
You block the eight-headed hydra's attack. x3
The eight-headed hydra bites you but does no damage.
You block the eight-headed hydra's attack. x2
The eight-headed hydra bites you!
You die...

............##...........##.##.#.
............##.........>.#..##.##
............##...........#.###...
.........................'.# ###.
............#............### #...
............##...........# #.##
#######'########.######'######...
####.##..(...................#
###....##..≈≈≈.@≈.........≈.....
#...#####....≈.D≈≈≈≈≈≈..≈≈..(...
##'#######....≈≈≈≈≈≈≈≈≈≈≈≈≈≈≈....
............≈≈≈≈≈≈≈.≈≈≈≈≈≈≈≈≈≈..#
..............≈≈≈..≈...≈≈≈≈......
...........≈≈≈.≈≈≈....≈.≈≈≈≈≈....
.............≈≈≈≈..>.............
............≈≈≈≈≈≈..(.≈≈≈≈≈≈≈≈...
.......>.....≈≈≈≈.≈≈≈≈.≈≈≈≈≈≈≈...


You could see an eight-headed hydra.

Vanquished Creatures
  Erolcha (D:9)
  4 hill giants
  2 ugly things
  A cyclops (D:11)
  Maurice (D:9)
  A gargoyle (D:11)
  2 trolls
  A two-headed ogre (D:7)
  4 hippogriffs
  6 humans (D:7)
  4 yaks (D:11)
  Grum (D:11)
  A hungry ghost (D:9)
  2 sky beasts
  5 orc warriors
  An ice beast (D:10)
  A black bear (D:9)
  An eye of draining (D:10)
  5 ogres
  2 phantoms
  6 wolves
  10 centaurs
  A crocodile (D:10)
  4 big kobolds
  2 wyvern skeletons
  2 scorpions
  A water moccasin skeleton (D:9)
  12 killer bees
  26 wights
  4 howler monkeys
  3 electric eels (D:10)
  5 crimson imps
  2 bullfrog zombies
  3 jellies
  2 orc priests
  Crazy Yiuf (D:7)
  6 hounds
  A centaur zombie (D:7)
  A centaur skeleton (D:5)
  4 iguanas
  Terence (D:2)
  8 orc wizards
  8 worker ants
  A hound zombie (D:10)
  2 hound skeletons
  11 adders
  7 gnolls
  7 shadow imps
  An ooze (D:3)
  3 worms
  A dart slug (D:2)
  4 leopard geckos
  39 orcs
  2 ball pythons
  5 bats
  4 giant cockroaches
  6 goblins
  8 hobgoblins
  9 jackals
  6 quokkas
  3 frilled lizards
  A jackal skeleton (D:6)
  32 kobolds
  A leopard gecko skeleton (D:9)
  A quokka zombie (D:6)
  5 rats
318 creatures vanquished.

Notes
Turn   | Place    | Note
-------+----------+-------------------------------------------
     0 | D:1      | Cyber the Minotaur Fighter began the quest for the Orb.
     0 | D:1      | Reached XP level 1. HP: 19/19 MP: 0/0
   455 | D:1      | Reached XP level 2. HP: 24/27 MP: 1/1
   782 | D:2      | Reached XP level 3. HP: 25/33 MP: 2/2
   802 | D:2      | Noticed Terence
   949 | D:2      | Killed Terence
  1092 | D:2      | Reached XP level 4. HP: 40/41 MP: 3/3
  1146 | D:2      | Found a blossoming altar of Fedhas.
  1155 | D:2      | Noticed a hand axe
  1156 | D:2      | Found a hide-covered altar of Uskayaw.
  1157 | D:2      | Noticed a hand axe
  1166 | D:2      | Found a stormy altar of Qazlal.
  1779 | D:3      | Found a bloodstained altar of Trog.
  1878 | D:3      | Found a faded altar of an unknown god.
  1892 | D:3      | Reached skill level 5 in Fighting
  2002 | D:3      | Found a burning altar of Makhleb.
  2020 | D:3      | Reached XP level 5. HP: 46/48 MP: 2/4
  2281 | D:4      | Reached skill level 5 in Armour
  2304 | D:4      | Noticed a phantom
  2341 | D:4      | Killed a phantom
  2341 | D:4      | Reached skill level 5 in Axes
  2341 | D:4      | Reached XP level 6. HP: 32/56 MP: 1/5
  2528 | D:4      | Got a polished hand axe
  2529 | D:4      | Identified the +2 hand axe "Beudwumi" {antimagic, MR+ Int-4 Dex+3} (You found it on level 4 of the Dungeon)
  2662 | D:4      | Found a staircase to the Ecumenical Temple.
  2668 | Temple   | Entered the Ecumenical Temple
  2959 | D:5      | Entered Level 5 of the Dungeon
  3249 | D:5      | Reached XP level 7. HP: 39/64 MP: 0/6
  3836 | D:5      | Found a basalt altar of Yredelemnul.
  3861 | D:5      | Found a glowing golden altar of the Shining One.
  3947 | D:5      | Noticed an angel
  4564 | D:6      | Reached skill level 5 in Shields
  4587 | D:6      | Reached XP level 8. HP: 61/73 MP: 2/7
  5700 | D:7      | Found a shattered altar of Ashenzari.
  5828 | D:7      | Noticed a hippogriff
  5833 | D:7      | Killed a hippogriff
  5833 | D:7      | Reached XP level 9. HP: 78/83 MP: 2/8
  6037 | D:7      | Found an iron altar of Okawaru.
  6049 | D:7      | Became a worshipper of Warmaster Okawaru
  6191 | D:7      | Reached * piety under Okawaru
  6274 | D:7      | Reached skill level 10 in Fighting
  6563 | D:7      | Noticed a brown ugly thing
  6897 | D:7      | Killed a brown ugly thing
  6897 | D:7      | Reached skill level 10 in Axes
  7112 | D:7      | Reached XP level 10. HP: 72/94 MP: 3/9
  7219 | D:7      | Found a runed door.
  7377 | D:7      | Noticed Crazy Yiuf
  7382 | D:7      | Killed Crazy Yiuf
  7558 | D:8      | Reached ** piety under Okawaru
  7823 | D:8      | Found an opulent altar of Gozag.
  8045 | D:9      | Noticed Maurice
  8055 | D:9      | Killed Maurice
  8130 | D:9      | Found a glowing silver altar of Zin.
  8138 | D:9      | Reached skill level 10 in Shields
  8578 | D:9      | Noticed Erolcha
  8603 | D:9      | Killed Erolcha
  8603 | D:9      | Reached *** piety under Okawaru
  9001 | D:9      | Found a deep blue altar of Sif Muna.
  9169 | D:10     | Entered Level 10 of the Dungeon
  9201 | D:10     | Noticed a hill giant
  9235 | D:9      | Received a gift from Okawaru
  9387 | D:10     | Killed a hill giant
  9387 | D:10     | Reached XP level 11. HP: 36/104 MP: 0/10
  9872 | D:10     | Found a staircase to the Lair.
 10482 | D:10     | Found a staircase to the Orcish Mines.
 10753 | D:10     | Found a portal to a secret trove of treasure.
 10847 | D:10     | Identified a +0 rod of inaccuracy (14/14) (You found it on level 5 of the Dungeon)
 10985 | D:11     | Noticed a hill giant
 11001 | D:11     | Killed a hill giant
 11261 | D:11     | Noticed a hill giant
 11270 | D:11     | Killed a hill giant
 11270 | D:11     | Reached **** piety under Okawaru
 11326 | D:11     | Noticed a purple ugly thing
 11346 | D:11     | Killed a purple ugly thing
 11491 | D:11     | Noticed Grum
 11526 | D:11     | Killed Grum
 11565 | D:11     | Found a labyrinth entrance.
 11753 | D:11     | Reached ***** piety under Okawaru
 12658 | D:11     | Noticed a hill giant
 12673 | D:11     | Killed a hill giant
 12745 | Lair:1   | Entered Level 1 of the Lair of Beasts
 12755 | Lair:1   | Noticed an eight-headed hydra
 12780 | D:10     | Slain by an eight-headed hydra

Skill      XL: |  1  2  3  4  5  6  7  8  9 10 11 |
---------------+----------------------------------+-----
Fighting       | 4 5 6 7 9 10 12 13 | 13.5
Axes           | 3 4 5 6 8 10 11 13 | 13.1
Armour         | 4 5 6 |  6.1
Shields        | 4 5 7 9 11 12 | 12.5

Action                   |  1- 3 |  4- 6 |  7- 9 | 10-12 || total
-------------------------+-------+-------+-------+-------++-------
Melee: War axe           |    81 |   121 |       |       ||   202
       Headbutt          |     9 |    28 |    95 |   157 ||   289
       Hand axe          |       |    57 |   342 |   603 ||  1002
Invok: Heroism           |       |       |     1 |     5 ||     6
  Use: Scroll            |       |     4 |     1 |     5 ||    10
  Eat: Chunk             |     1 |     7 |    11 |    17 ||    36
       Fruit             |       |       |     2 |       ||     2
Armor: Scale mail        |    46 |    72 |    79 |    99 ||   296
       Ring mail         |       |       |       |    88 ||    88
Dodge: Dodged            |    28 |    49 |    63 |   183 ||   323
Block: Shield            |    39 |    81 |   138 |   378 ||   636
